| TOP OF THE 1ST |
|
Springfield Cardinals batting - Pitching for Mississippi Braves : RHP Alfredo Leiva
|
|
Pitching: RHP Alfredo Leiva
|
|
|
Batting: RHB Mark Cahill
|
0-0: Ball 1-0: Ball 2-0: Called Strike 2-1: Ball 3-1: Ground out 1-3 (Groundball, 34S, EV 70.6 MPH)
|
|
Batting: RHB Fortunato Fteira
|
0-0: Ball 1-0: Called Strike 1-1: Swinging Strike 1-2: Ground out 1-3 (Groundball, 15S, EV 63.8 MPH)
|
|
Batting: LHB Shawn Morrison
|
0-0: DOUBLE (Line Drive, 89XD, EV 106.2 MPH) - OUT at third base trying to stretch hit.
|
| Top of the 1st over - 0 runs, 1 hit, 0 errors, 0 left on base; Springfield 0 - Mississippi 0 |
| BOTTOM OF THE 1ST |
|
Mississippi Braves batting - Pitching for Springfield Cardinals : RHP Rafael Montano
|
|
Pitching: RHP Rafael Montano
|
|
|
Batting: LHB Tsutomu Miyahara
|
0-0: Ball 1-0: Called Strike 1-1: Foul Ball, location: 2F 1-2: Strikes out swinging
|
|
Batting: RHB Edgar Castillo
|
0-0: SINGLE (Line Drive, 56, EV 94.4 MPH)
|
|
Batting: LHB Erik Gretzky
|
0-0: Swinging Strike 0-1: Ball 1-1: Ball 2-1: Ball 3-1: Foul Ball, location: 2F 3-2: Fly out, F5 (Popup, 25, EV 86.9 MPH)
|
|
Batting: SHB Bob Morales
|
0-0: DOUBLE (Flyball, 89XD, EV 113.8 MPH) Edgar Castillo to third Runner from 3rd tries for Home, SAFE, no throw by RF
|
|
Batting: RHB Luis Revilla
|
0-0: Ball 1-0: Ground out 6-3 (Groundball, 6M, EV 100.0 MPH)
|
| Bottom of the 1st over - 1 run, 2 hits, 0 errors, 1 left on base; Springfield 0 - Mississippi 1 |
| TOP OF THE 2ND |
|
Springfield Cardinals batting - Pitching for Mississippi Braves : RHP Alfredo Leiva
|
|
Batting: RHB Jose Rivera
|
0-0: Called Strike 0-1: Foul Ball, location: 2F 0-2: Foul Ball, location: 2F 0-2: SINGLE (Groundball, 6MD, EV 98.8 MPH)
|
|
Batting: LHB Ichiro Toyota
|
0-0: Called Strike 0-1: Foul Ball, location: 2F 0-2: Strikes out swinging
|
|
Batting: RHB Justin Reich
|
0-0: Foul Ball, location: 2F 0-1: Foul Ball, location: 2F 0-2: Strikes out swinging
|
|
Batting: SHB Jason Kirby
|
0-0: Ball 1-0: Ball 2-0: Called Strike 2-1: Ball 3-1: Base on Balls Jose Rivera to second
|
|
Batting: RHB Dave Cluster
|
0-0: Ball 1-0: Called Strike 1-1: Foul Ball, location: 2F 1-2: Ground out U3 (Groundball, 13, EV 86.9 MPH)
|
| Top of the 2nd over - 0 runs, 1 hit, 0 errors, 2 left on base; Springfield 0 - Mississippi 1 |
| BOTTOM OF THE 2ND |
|
Mississippi Braves batting - Pitching for Springfield Cardinals : RHP Rafael Montano
|
|
Batting: RHB Hieronim Rutkowski
|
0-0: Ball 1-0: Ball 2-0: Ball 3-0: Base on Balls
|
|
Batting: LHB Oke Monti
|
0-0: Ball 1-0: Called Strike 1-1: Foul Ball, location: 2F 1-2: Ball 2-2: Ball 3-2: Base on Balls Hieronim Rutkowski to second
|
|
Batting: LHB Luis Cruz
|
0-0: Ball 1-0: SINGLE (Groundball, 6D, EV 108.1 MPH) Hieronim Rutkowski to third Oke Monti to second
|
|
Batting: RHB Alex Velasquez
|
0-0: Ball 1-0: Swinging Strike 1-1: Ball 2-1: Fly out, F9 (Flyball, 9, EV 91.9 MPH) Runner from 3rd tags up, SCORES, no throw by RF
|
|
Batting: LHB Tsutomu Miyahara
|
0-0: Ball 1-0: Ball 2-0: Ball 3-0: Called Strike 3-1: Base on Balls Oke Monti to third Luis Cruz to second
|
|
Batting: RHB Edgar Castillo
|
0-0: Called Strike 0-1: Swinging Strike 0-2: Ball 1-2: Fly out, F5 (Line Drive, 5, EV 65.0 MPH)
|
|
Batting: LHB Erik Gretzky
|
0-0: Ball 1-0: Foul Ball, location: 2F 1-1: Ball 2-1: Foul Ball, location: 2F 2-2: Ball 3-2: Foul Ball, location: 2F 3-2: Foul Ball, location: 2F 3-2: Ground out 5-3 (Groundball, 56, EV 106.2 MPH)
|
| Bottom of the 2nd over - 1 run, 1 hit, 0 errors, 3 left on base; Springfield 0 - Mississippi 2 |
| TOP OF THE 3RD |
|
Springfield Cardinals batting - Pitching for Mississippi Braves : RHP Alfredo Leiva
|
|
Batting: LHB Yeong-hun Joe
|
0-0: Ball 1-0: SINGLE (Line Drive, 4MD, EV 106.2 MPH)
|
|
Batting: RHB Mark Cahill
|
0-0: Called Strike Yeong-hun Joe steals 2nd base 0-1: Ball 1-1: Called Strike 1-2: Ball 2-2: Ball 3-2: Base on Balls
|
|
Batting: RHB Fortunato Fteira
|
0-0: Fly out, F9 (Flyball, 89M, EV 83.8 MPH)
|
|
Batting: LHB Shawn Morrison
|
0-0: Called Strike Yeong-hun Joe is caught stealing 3rd base 2-5 0-1: Ball Mark Cahill steals 2nd base 1-1: Foul Ball, location: 2F 1-2: Foul Ball, location: 2F 1-2: SINGLE (Flyball, 78S, EV 93.1 MPH) Mark Cahill to third Runner from 3rd tries for Home, SAFE, throw by LF to home
|
|
Batting: RHB Jose Rivera
|
0-0: Called Strike Shawn Morrison steals 2nd base (no throw) 0-1: Ball 1-1: Swinging Strike 1-2: Ball 2-2: Ground out 4-3 (Groundball, 4, EV 104.4 MPH)
|
| Top of the 3rd over - 1 run, 2 hits, 0 errors, 1 left on base; Springfield 1 - Mississippi 2 |
| BOTTOM OF THE 3RD |
|
Mississippi Braves batting - Pitching for Springfield Cardinals : RHP Rafael Montano
|
|
Batting: SHB Bob Morales
|
0-0: Called Strike 0-1: Ball 1-1: Swinging Strike 1-2: Strikes out swinging
|
|
Batting: RHB Luis Revilla
|
0-0: Ball 1-0: Ball 2-0: Ball 3-0: Base on Balls
|
|
Batting: RHB Hieronim Rutkowski
|
0-0: Ball 1-0: Ball 2-0: Foul Ball, location: 2F 2-1: Foul Ball, location: 2F 2-2: Ball 3-2: Base on Balls Luis Revilla to second
|
|
Batting: LHB Oke Monti
|
0-0: Swinging Strike 0-1: Ball 1-1: Ball Wild Pitch! Luis Revilla to third Hieronim Rutkowski to second 2-1: Swinging Strike 2-2: Strikes out looking
|
|
Batting: LHB Luis Cruz
|
0-0: Called Strike 0-1: Swinging Strike 0-2: Strikes out swinging
|
| Bottom of the 3rd over - 0 runs, 0 hits, 0 errors, 2 left on base; Springfield 1 - Mississippi 2 |
| TOP OF THE 4TH |
|
Springfield Cardinals batting - Pitching for Mississippi Braves : RHP Alfredo Leiva
|
|
Batting: LHB Ichiro Toyota
|
0-0: Ball 1-0: Ball 2-0: Ball 3-0: Base on Balls
|
|
Batting: RHB Justin Reich
|
0-0: Called Strike Ichiro Toyota is caught stealing 2nd base 2-4 0-1: Ball 1-1: Swinging Strike 1-2: Foul Ball, location: 2F 1-2: Ball 2-2: Ball 3-2: Strikes out swinging
|
|
Batting: SHB Jason Kirby
|
0-0: Swinging Strike 0-1: Ball 1-1: Foul Ball, location: 2F 1-2: Strikes out swinging
|
| Top of the 4th over - 0 runs, 0 hits, 0 errors, 0 left on base; Springfield 1 - Mississippi 2 |
| BOTTOM OF THE 4TH |
|
Mississippi Braves batting - Pitching for Springfield Cardinals : RHP Rafael Montano
|
|
Batting: RHB Alex Velasquez
|
0-0: Called Strike 0-1: Ground out 4-3 (Groundball, 4M, EV 98.8 MPH)
|
|
Batting: LHB Tsutomu Miyahara
|
0-0: Ball 1-0: Foul Ball, location: 2F 1-1: Swinging Strike 1-2: Foul Ball, location: 2F 1-2: Strikes out swinging
|
|
Batting: RHB Edgar Castillo
|
0-0: Ball 1-0: Swinging Strike 1-1: Called Strike 1-2: Strikes out swinging
|
| Bottom of the 4th over - 0 runs, 0 hits, 0 errors, 0 left on base; Springfield 1 - Mississippi 2 |
| TOP OF THE 5TH |
|
Springfield Cardinals batting - Pitching for Mississippi Braves : RHP Alfredo Leiva
|
|
Batting: RHB Dave Cluster
|
0-0: Foul Ball, location: 2F 0-1: Called Strike 0-2: Ball 1-2: Ball 2-2: Ball 3-2: SINGLE (Groundball, 5S, EV 75.6 MPH) (infield hit)
|
|
Batting: LHB Yeong-hun Joe
|
0-0: Swinging Strike 0-1: Swinging Strike 0-2: Strikes out swinging
|
|
Batting: RHB Mark Cahill
|
0-0: Ball Dave Cluster steals 2nd base 1-0: Ball 2-0: Ball 3-0: Base on Balls
|
|
Batting: RHB Fortunato Fteira
|
0-0: Swinging Strike 0-1: Ball 1-1: Ball 2-1: Called Strike 2-2: Strikes out looking
|
|
Batting: LHB Shawn Morrison
|
0-0: Called Strike 0-1: Foul Ball, location: 2F 0-2: Ball 1-2: Strikes out swinging
|
| Top of the 5th over - 0 runs, 1 hit, 0 errors, 2 left on base; Springfield 1 - Mississippi 2 |
| BOTTOM OF THE 5TH |
|
Mississippi Braves batting - Pitching for Springfield Cardinals : RHP Rafael Montano
|
|
Batting: LHB Erik Gretzky
|
0-0: Ball 1-0: Ball 2-0: Ball 3-0: Base on Balls
|
|
Batting: SHB Bob Morales
|
0-0: Ball 1-0: Ball 2-0: Ball 3-0: Called Strike 3-1: Base on Balls Erik Gretzky to second
|
|
Batting: RHB Luis Revilla
|
0-0: Ball 1-0: Ball 2-0: Ball 3-0: Called Strike 3-1: Base on Balls Erik Gretzky to third Bob Morales to second
|
|
Batting: RHB Hieronim Rutkowski
|
0-0: Ball 1-0: SINGLE (Line Drive, 78M, EV 94.4 MPH) Erik Gretzky scores Bob Morales to third Luis Revilla to second
|
|
Pitching: RHP Cory Viola
|
|
|
Batting: LHB Oke Monti
|
0-0: Grounds into fielders choice 4-2 (Groundball, 4, EV 76.9 MPH) Luis Revilla to third Hieronim Rutkowski to second
|
|
Batting: LHB Luis Cruz
|
0-0: Swinging Strike 0-1: Foul Ball, location: 2F 0-2: Ball 1-2: Grounds into double play, 4-2-3 (Groundball, 4S, EV 79.4 MPH)
|
| Bottom of the 5th over - 1 run, 1 hit, 0 errors, 2 left on base; Springfield 1 - Mississippi 3 |
| TOP OF THE 6TH |
|
Springfield Cardinals batting - Pitching for Mississippi Braves : RHP Alfredo Leiva
|
|
Pitching: RHP Carlos Esquivel
|
|
|
Batting: RHB Jose Rivera
|
0-0: SINGLE (Flyball, 34D, EV 93.8 MPH)
|
|
Batting: LHB Ichiro Toyota
|
0-0: Called Strike 0-1: Fly out, F8 (Flyball, 89D, EV 91.2 MPH)
|
|
Batting: RHB Justin Reich
|
0-0: Ball Jose Rivera steals 2nd base (no throw) 1-0: Ground out 5-3 (Groundball, 56, EV 85.0 MPH)
|
|
Batting: SHB Jason Kirby
|
0-0: Called Strike 0-1: Fly out, F7 (Flyball, 78D, EV 104.4 MPH)
|
| Top of the 6th over - 0 runs, 1 hit, 0 errors, 1 left on base; Springfield 1 - Mississippi 3 |
| BOTTOM OF THE 6TH |
|
Mississippi Braves batting - Pitching for Springfield Cardinals : RHP Cory Viola
|
|
Batting: RHB Alex Velasquez
|
0-0: Called Strike 0-1: Ground out 6-3 (Groundball, P, EV 85.6 MPH)
|
|
Batting: LHB Tsutomu Miyahara
|
0-0: Ball 1-0: Called Strike 1-1: Ball 2-1: Called Strike 2-2: Ball 3-2: Strikes out looking
|
|
Batting: RHB Edgar Castillo
|
0-0: Ball 1-0: Called Strike 1-1: Swinging Strike 1-2: Foul Ball, location: 2F 1-2: Strikes out swinging
|
| Bottom of the 6th over - 0 runs, 0 hits, 0 errors, 0 left on base; Springfield 1 - Mississippi 3 |
| TOP OF THE 7TH |
|
Springfield Cardinals batting - Pitching for Mississippi Braves : RHP Carlos Esquivel
|
|
Batting: RHB Dave Cluster
|
0-0: Ball 1-0: SINGLE (Groundball, 56D, EV 97.5 MPH)
|
|
Batting: LHB Yeong-hun Joe
|
0-0: Sac Bunt to P - play at first, batter OUT! 1-3 Dave Cluster to second
|
|
Batting: RHB Mark Cahill
|
0-0: Called Strike 0-1: Called Strike Dave Cluster steals 3rd base 0-2: Fly out, F9 (Line Drive, 9, EV 95.6 MPH) Runner from 3rd tags up, OUT at HOME! 9-2
|
| Top of the 7th over - 0 runs, 1 hit, 0 errors, 0 left on base; Springfield 1 - Mississippi 3 |
| BOTTOM OF THE 7TH |
|
Mississippi Braves batting - Pitching for Springfield Cardinals : RHP Cory Viola
|
|
Pitching: LHP Sid DeSensi
|
|
|
Batting: LHB Erik Gretzky
|
0-0: Called Strike 0-1: Foul Ball, location: 2F 0-2: Foul Ball, location: 2F 0-2: Strikes out swinging
|
|
Pitching: RHP El-Shamy Saami
|
|
|
Batting: SHB Bob Morales
|
0-0: Ball 1-0: Fly out, F7 (Flyball, 78M, EV 87.5 MPH)
|
|
Batting: RHB Luis Revilla
|
0-0: Ball 1-0: Foul Ball, location: 2F 1-1: Foul Ball, location: 2F 1-2: Strikes out swinging
|
| Bottom of the 7th over - 0 runs, 0 hits, 0 errors, 0 left on base; Springfield 1 - Mississippi 3 |
| TOP OF THE 8TH |
|
Springfield Cardinals batting - Pitching for Mississippi Braves : RHP Carlos Esquivel
|
|
Batting: RHB Fortunato Fteira
|
0-0: Called Strike 0-1: Called Strike 0-2: Ball 1-2: Ball 2-2: Foul Ball, location: 2F 2-2: Strikes out swinging
|
|
Pitching: LHP Juan Ramirez
|
|
|
Batting: LHB Shawn Morrison
|
0-0: Called Strike 0-1: Ball 1-1: Ball 2-1: Foul Ball, location: 2F 2-2: Foul Ball, location: 2F 2-2: Ground out 1-3 (Groundball, 13, EV 68.1 MPH)
|
|
Batting: RHB Jose Rivera
|
0-0: Ball 1-0: SINGLE (Flyball, 3D, EV 89.4 MPH)
|
|
Batting: LHB Ichiro Toyota
|
0-0: Swinging Strike 0-1: Ball 1-1: Foul Ball, location: 2F 1-2: Foul Ball, location: 2F 1-2: Ball 2-2: Ground out 4-3 (Groundball, 34D, EV 100.6 MPH)
|
| Top of the 8th over - 0 runs, 1 hit, 0 errors, 1 left on base; Springfield 1 - Mississippi 3 |
| BOTTOM OF THE 8TH |
|
Mississippi Braves batting - Pitching for Springfield Cardinals : RHP El-Shamy Saami
|
|
Batting: RHB Hieronim Rutkowski
|
0-0: Called Strike 0-1: Ball 1-1: SINGLE (Groundball, 6MD, EV 85.0 MPH) (infield hit)
|
|
Batting: LHB Oke Monti
|
0-0: Ball 1-0: Swinging Strike 1-1: Ball Hieronim Rutkowski steals 2nd base 2-1: Foul Ball, location: 2F 2-2: Fly out, F8 (Line Drive, 8RS, EV 98.8 MPH)
|
|
Batting: LHB Luis Cruz
|
0-0: Intentional Walk
|
|
Batting: RHB Alex Velasquez
|
0-0: Called Strike 0-1: Swinging Strike 0-2: Strikes out looking
|
|
Batting: LHB Tsutomu Miyahara
|
0-0: Called Strike 0-1: Called Strike 0-2: Foul Ball, location: 2F 0-2: Strikes out swinging
|
| Bottom of the 8th over - 0 runs, 1 hit, 0 errors, 2 left on base; Springfield 1 - Mississippi 3 |
| TOP OF THE 9TH |
|
Springfield Cardinals batting - Pitching for Mississippi Braves : LHP Juan Ramirez
|
|
Pitching: RHP Bryan Vandenburgh
|
|
|
Batting: RHB Justin Reich
|
0-0: Called Strike 0-1: Foul Ball, location: 2F 0-2: Foul Ball, location: 2F 0-2: Ball 1-2: Ball 2-2: Hit by Pitch
|
|
Batting: SHB Jason Kirby
|
0-0: Ball 1-0: Foul Ball, location: 2F 1-1: Called Strike 1-2: Fielders Choice at 2nd, 6-4 (Groundball, 6, EV 89.4 MPH)
|
|
Batting: RHB Dave Cluster
|
0-0: Ball 1-0: Foul Ball, location: 2F 1-1: Called Strike 1-2: Ball 2-2: Ball 3-2: SINGLE (Groundball, P, EV 85.6 MPH) (infield hit) Jason Kirby to second
|
|
Batting: LHB Yeong-hun Joe
|
0-0: Grounds out, U3 (Groundball, 3L, EV 96.9 MPH) Jason Kirby to third
|
|
Batting: RHB Mark Cahill
|
0-0: Called Strike 0-1: Ball 1-1: Foul Ball, location: 2F 1-2: Ball 2-2: Ball 3-2: Strikes out swinging
|
| Top of the 9th over - 0 runs, 1 hit, 0 errors, 2 left on base; Springfield 1 - Mississippi 3 |
|